 Dungeon Crawl Stone Soup version 0.21.1-1-g345015f (webtiles) character file.

273 shakethe the Chopper (level 6, -9/49 HPs)
             Began as a Formicid Abyssal Knight on Feb 7, 2018.
             Was a Believer of Lugonu.
             Mangled by an ogre
             ... wielding a +0 giant spiked club
              (19 damage)
             ... on level 3 of the Dungeon.
             The game lasted 00:07:53 (3057 turns).

shakethe the Chopper (Formicid Abyssal Knight)      Turns: 3057, Time: 00:07:54

Health: -9/49      AC:  5    Str: 16    XL:     6   Next: 48%
Magic:  9/9        EV: 10    Int: 12    God:    Lugonu [**....]
Gold:   133        SH:  0    Dex: 12    Spells: 5/5 levels left

rFire    . . .     SeeInvis +   a - +1 hand axe
rCold    . . .     Gourm    .   (no shield)
rNeg     . . .     Faith    .   i - +0 ring mail
rPois    .         Spirit   .   (helmet unavailable)
rElec    .         Reflect  .   (no cloak)
rCorr    .         Harm     .   (no gloves)
MR       .....                  (no boots)
Stlth    +.........             (no amulet)
HPRegen  0.16/turn              (no ring)
MPRegen  0.11/turn              (no ring)

@: no status effects
A: permanent stasis, dig shafts and tunnels, four strong arms, antennae 3
a: Dig, Shaft Self, Depart the Abyss, Bend Space, Renounce Religion


You were on level 3 of the Dungeon.
You worshipped Lugonu.
Lugonu was pleased with you.
You were not hungry.

You visited 1 branch of the dungeon, and saw 3 of its levels.
You visited the Abyss 1 time.

You collected 133 gold pieces.

Inventory:

Hand Weapons
 a - a +1 hand axe (weapon)
Armour
 b - a +0 leather armour
 i - a +0 ring mail (worn)
Jewellery
 n - an uncursed ring of protection from magic {unknown}
 p - an uncursed ring of fire {unknown}
Wands
 s - a wand of paralysis (15)
Scrolls
 g - 3 scrolls of identify {unknown}
 h - 3 scrolls of remove curse {unknown}
 j - a scroll of enchant armour {unknown}
 l - a scroll of teleportation {unknown}
 o - a scroll of amnesia {unknown}
Potions
 d - 2 potions of haste {unknown}
 e - a potion of flight {unknown}
 f - 3 potions of curing {unknown}
 k - a potion of brilliance {unknown}
 m - a potion of invisibility {unknown}
 q - a potion of might {unknown}
 r - a potion of mutation {unknown}
Comestibles
 c - 3 rations


   Skills:
 - Level 4.5 Fighting
 + Level 4.7 Axes
 - Level 2.6 Armour
 - Level 0.8 Dodging
 - Level 4.0 Invocations


You had 5 spell levels left.
You didn't know any spells.

Dungeon Overview and Level Annotations

Branches:
Dungeon (3/15)

Altars:
Nemelex Xobeh
Uskayaw


Innate Abilities, Weirdness & Mutations

You cannot be hasted, slowed, berserked, paralysed or teleported.
You can dig through walls and to a lower floor.
Your four strong arms can wield two-handed weapons with a shield.
You have a pair of large antennae on your head. (SInv)


Message History

Space bends sharply around you!
You blink.
The ogre hits you with a giant spiked club!
You hit the ogre.
The ogre is lightly wounded.
You hit the ogre.
The ogre is moderately wounded.
The ogre barely misses you.
You slash the ogre!
The ogre is heavily wounded.
The ogre hits you with a giant spiked club!
You hit the ogre.
The ogre is heavily wounded.
The ogre hits you with a giant spiked club!
* * * LOW HITPOINT WARNING * * *
You slash the ogre!
The ogre is almost dead.
You hit the ogre but do no damage.
The ogre is almost dead.
The ogre hits you with a giant spiked club!!
You die...

..).............##.......#
..#....##.......##.......+
..#....##....(..##.......#
..#....###'###...#.......#
(.#....# #.###...#.......#
'##....# #.......#.......#
.##....#
#.......#.......###
.....#.#
#......O#.####....#
.....#.###.....#@#.#
#....# .....#.#.......#.#.
+....# .....#.#.####..#.##
#....# .#####.#.# #..#.#
#....######
.#####.#.#######.#
###........
.....).........#.#
#........
....####.........#
#........ ....#
#######.### ###........
....# #.# ...........


You could see an ogre.

Vanquished Creatures
  An eye of draining (Abyss:1)
  A bullfrog zombie (D:3)
  Robin (D:3)
  4 adders
  3 gnolls (D:3)
  An ooze (D:1)
  A worm (D:2)
  5 dart slugs
  2 leopard geckos (D:1)
  A ball python (D:2)
  A giant cockroach (D:2)
  14 goblins
  8 hobgoblins
  4 jackals (D:1)
  A quokka (D:2)
  9 bats
  4 frilled lizards
  2 kobolds
  6 rats
69 creatures vanquished.

Notes
Turn   | Place    | Note
-------+----------+-------------------------------------------
     0 | Abyss:1  | shakethe the Formicid Abyssal Knight began the quest for the Orb.
     0 | Abyss:1  | Reached XP level 1. HP: 18/18 MP: 2/2
    63 | Abyss:1  | Noticed an eye of draining
    80 | Abyss:1  | Killed an eye of draining
    80 | Abyss:1  | Reached XP level 2. HP: 26/26 MP: 1/3
    80 | Abyss:1  | Reached XP level 3. HP: 31/31 MP: 1/4
    80 | Abyss:1  | Reached XP level 4. HP: 38/38 MP: 1/5
    82 | D:1      | Escaped the Abyss
   254 | D:1      | Reached XP level 5. HP: 40/43 MP: 6/6
   667 | D:2      | Reached ** piety under Lugonu
   741 | D:2      | Found a hide-covered altar of Uskayaw.
  1326 | D:2      | Found a sparkling altar of Nemelex Xobeh.
  1847 | D:3      | Noticed Robin
  1853 | D:3      | Killed Robin
  1853 | D:3      | Reached XP level 6. HP: 38/49 MP: 8/8
  2927 | D:3      | Noticed an ogre
  3057 | D:3      | Mangled by an ogre

Skill      XL: |  1  2  3  4  5  6 |
---------------+-------------------+-----
Fighting       | 4 |  4.5
Axes           | 3 4 |  4.7
Invocations    | 3 4 |  4.0
Armour         | |  2.6
Dodging        | |  0.8

Action                   |  1- 3 |  4- 6 || total
-------------------------+-------+-------++-------
Melee: Hand axe          |    15 |   202 ||   217
Invok: Bend Space        |       |     4 ||     4
 Abil: Dig               |       |     5 ||     5
  Eat: Chunk             |       |     7 ||     7
Armor: Leather armour    |       |     7 ||     7
       Ring mail         |       |    59 ||    59
Dodge: Dodged            |       |   106 ||   106
